 Dungeon Crawl Stone Soup version 0.28.0-43-g3370ac3207 (console) character file.

Game seed: 15457002867084516444

9 Zeor the Magician (level 2, -1/21 HPs)
             Began as a Djinni Fire Elementalist on Mar 14, 2022.
             Slain by an endoplasm (2 damage)
             ... on level 1 of the Dungeon.
             The game lasted 00:02:38 (310 turns).

Zeor the Magician (Djinni Fire Elementalist)         Turns: 310, Time: 00:02:39

Health: -1/21      AC:  2    Str:  7    XL:     2   Next: 25%
Gold:   0          EV: 12    Int: 16    God:
                   SH:  0    Dex: 13

rFire   + + .      SeeInvis .   (no weapon)
rCold   x . .      Faith    .   (no shield)
rNeg    . . .      Spirit   .   a - +0 robe
rPois   ∞          Reflect  .   (no helmet)
rElec   .          Harm     .   (no cloak)
rCorr   .          Rampage  .   (no gloves)
Will    .....                   (boots unavailable)
Stlth   ++........              (no amulet)
HPRegen 0.07/turn               (no ring)
MPRegen 0.00/turn               (no ring)

@: flying
A: sickness immunity, fire resistance 2, cold vulnerability 1, float, innate
caster, HP casting, extra vitality 1
a: no special abilities


You were on level 1 of the Dungeon.
You visited 1 branch of the dungeon, and saw 1 of its levels.

Inventory:

Armour
 a - a +0 robe (worn)
Scrolls
 g - a scroll of identify {unknown}
Potions
 b - a potion of haste {unknown}
 d - a potion of curing {unknown}
 e - a potion of berserk rage {unknown}


   Skills:
 + Level 2.3 Dodging
 + Level 1.6 Stealth
 + Level 2.8 Spellcasting


You couldn't memorise any spells.
You knew the following spells:

 Your Spells              Type           Power      Damage    Failure   Level
a - Foxfire               Conj/Fire      44%        2x1d6     6%          1
b - Scorch                Fire           22%        2d6       9%          2
c - Conjure Flame         Conj/Fire      11%        6-21      19%         3
d - Inner Flame           Hex/Fire       11%        N/A       19%         3
e - Flame Wave            Conj/Fire      11%        2d5       52%         4
Your spell library was empty.

Dungeon Overview and Level Annotations

Branches:
Dungeon (1/15)

Altars:


Innate Abilities, Weirdness & Mutations

You are immune to sickness and miasma.
You are immune to poison.
Your flesh is very heat resistant. (rF++)
You are vulnerable to cold. (rC-)
You float through the air rather than walking.
You learn spells naturally, not from books.
Your magical power is your life essence.
You have superior vitality. (+4 MHP)


Message History

Casting: Foxfire (safe; 6% risk of failure)
Confirm with . or Enter, or press ? or * to list all spells.
You conjure some foxfire!
The ball python bites you. The ball python barely misses you.
The endoplasm jiggles.
The foxfire hits the ball python.
You kill the ball python!
The bat misses you.
Casting: Foxfire (safe; 6% risk of failure)
Confirm with . or Enter, or press ? or * to list all spells.
You conjure some foxfire!
The foxfire hits the bat.
The bat is severely wounded.
The bat closely misses you.
The foxfire hits the bat.
You kill the bat!
The giant cockroach closely misses you.
The foxfire hits the giant cockroach but does no damage.
The giant cockroach is heavily wounded.
Casting: Foxfire (safe; 6% risk of failure)
Confirm with . or Enter, or press ? or * to list all spells.
You conjure some foxfire!
The giant cockroach closely misses you.
The giant cockroach bites you but does no damage.
The foxfire hits the giant cockroach.
The giant cockroach is almost dead.
The foxfire hits the giant cockroach.
You kill the giant cockroach!
Casting: Foxfire (safe; 6% risk of failure)
Confirm with . or Enter, or press ? or * to list all spells.
You conjure some foxfire!
The hobgoblin misses you. The endoplasm barely misses you.
The foxfire hits the endoplasm.
The endoplasm is heavily wounded.
The hobgoblin barely misses you. The endoplasm freezes you.
You are frozen.
You feel a terrible chill!
* * * LOW HITPOINT WARNING * * *
The foxfire hits the hobgoblin.
You kill the hobgoblin!
The endoplasm hits you.
You die...

▒ ▒ ▒ ▒ ▒▒▒▒ ▒ ▒∙∙
▒ ▒░▒
▒▒▒▒▒▒▒▒▒▒▒∙▒▒▒∙▒▒▒
∙∙gJbS∙∙∙∙∙∙∙∙†JR∙▒
▒▒▒▒▒▒▒▒▒▒▒▒∙▒▒∙▒∙▒
▒ ▒ ▒∙▒∙▒ ▒ ∙(▒∙▒ ▒
▒▒∙▒∙▒ ▒∙▒∙▒ ∙∙▒∙▒
▒∙▒∙▒


You could see an endoplasm.

Vanquished Creatures
  4 ball pythons (D:1)
  An endoplasm (D:1)
  A giant cockroach (D:1)
  A goblin (D:1)
  A hobgoblin (D:1)
  A bat (D:1)
9 creatures vanquished.

Vanquished Creatures (others)
  19 foxfires (D:1)
19 creatures vanquished.

Grand Total: 28 creatures vanquished

Notes
Turn   | Place    | Note
-------+----------+-------------------------------------------
     0 | D:1      | Zeor the Djinni Fire Elementalist began the quest for the
                  | Orb.
     0 | D:1      | Reached XP level 1. HP: 15/15 MP: 0/0
   301 | D:1      | Reached XP level 2. HP: 12/21 MP: 0/0
   309 | D:1      | HP: 1/21 [frozen (6)]
   310 | D:1      | Slain by an endoplasm

Illustrated notes

Levels and vault maps discovered:
D:1:      tarquinn_simple_flora_water_e, layout_basic, minmay_misc_feat_enclosed

Action                   || total
-------------------------++-------
 Cast: Foxfire           ||    15
  Use: Scroll            ||     3
Armor: Robe              ||     2
Dodge: Dodged            ||    15
